 Dungeon Crawl Stone Soup version 0.31-a0-806-g0bc164a743 (webtiles) character file.

Game seed: 8434416716135594670

989 Bravepunisher the Ducker (level 7, -20/39 HPs)
             Began as a Spriggan Monk on Sept 20, 2023.
             Was a Priest of Makhleb.
             Killed from afar by a steam dragon (22 damage)
             ... with a ball of steam
             ... on level 6 of the Dungeon.
             The game lasted 00:13:51 (4371 turns).

Bravepunisher the Ducker (Spriggan Monk)            Turns: 4371, Time: 00:13:51

Health: -20/39     AC:  4    Str:  7    XL:     7   Next: 98%
Magic:  11/11      EV: 23    Int: 11    God:    Makhleb [***...]
Gold:   265        SH:  0    Dex: 20    Spells: 6/6 levels left

rFire   . . .        l - +6 quarterstaff (heavy)
rCold   . . .        (shield currently unavailable)
rNeg    . . .        g - +1 robe {Will+}
rPois   .            (helmet restricted)
rElec   .            a - +0 cloak
rCorr   .            (gloves unavailable)
SInv    +            (boots unavailable)
Will    ++...        (no amulet)
Stlth   ++           c - +4 ring of slaying
HPRegen 0.26/turn    f - +4 ring of slaying
MPRegen 0.12/turn

%: no passive effects
@: very quick
A: very small, no large weapons, unfitting armour, see invisible, speed 3
a: Renounce Religion, Minor Destruction, Lesser Servant of Makhleb


You were on level 6 of the Dungeon.
You worshipped Makhleb.
Makhleb was most pleased with you.
You visited 2 branches of the dungeon, and saw 8 of its levels.

You collected 265 gold pieces.

Inventory:

Hand Weapons
 l - a +6 heavy quarterstaff (weapon)
Armour
 a - a +0 cloak (worn)
 d - an orb of light
 g - a +1 robe of willpower (worn)
Jewellery
 c - a +4 ring of slaying (left hand)
 f - a +4 ring of slaying (right hand)
Wands
 b - a wand of polymorph (21)
 o - a wand of flame (8)
Scrolls
 e - a scroll of revelation {unknown}
 h - 6 scrolls of identify
 i - 3 scrolls of teleportation
 k - a scroll of blinking {unknown}
 n - a scroll of brand weapon {unknown}
Potions
 m - a potion of resistance {unknown}
 p - a potion of magic {unknown}
 q - 2 potions of invisibility {unknown}


   Skills:
 + Level 5.7 Fighting
 - Level 3.2 Short Blades
 + Level 7.7 Dodging
 * Level 4.2 Invocations


You had 6 spell levels left.
You didn't know any spells.
Your spell library contained the following spells:

 Spells                   Type           Power      Damage    Failure   Level
 Gell's Gravitas          Tloc           0%         N/A       71%         3
 Inner Flame              Hex/Fire       0%         N/A       71%         3
 Teleport Other           Tloc           0%         N/A       71%         3
 Yara's Violent Unravell  Hex/Tmut       0%         3d3       100%        5
 Dispersal                Tloc           0%         N/A       100%        6
 Enfeeble                 Hex            0%         N/A       100%        7


Dungeon Overview and Level Annotations

Branches:
Dungeon (7/15)             Temple (1/1) D:6

Altars:
Ashenzari
Cheibriados
Dithmenos
Fedhas
Gozag
Kikubaaqudgha
Makhleb
Nemelex Xobeh
Okawaru
Qazlal
Ru
Sif Muna
Trog
Uskayaw
Vehumet
Wu Jian
Xom
Yredelemnul
Zin
The Shining One

Shops:
D:3 [   D:6 :


Innate Abilities, Weirdness & Mutations

You are very small and have problems with some larger weapons.
You are too small for most types of armour.
You have supernaturally acute eyesight. (SInv)
You cover ground extremely quickly. (Speed+++)


Message History

You're standing in a cloud of steam!
Found 7 stones.
Found Daseuqu's Vocational Training.
You feel better.
You start resting.
A steam dragon is nearby!
The steam dragon breathes steam at you. The ball of steam misses you.
You thump the steam dragon!
The steam dragon is moderately wounded.
You are engulfed in a cloud of scalding steam.
The steam dragon bites you! The steam dragon completely misses you.
The steam dragon bites you. The steam dragon closely misses you.
You hit the steam dragon but do no damage.
The steam dragon is moderately wounded.
The steam dragon closely misses you. The steam dragon claws you.
* * * LOW HITPOINT WARNING * * *
The steam dragon barely misses you. The steam dragon closely misses you.
You barely miss the steam dragon.
The steam dragon is moderately wounded.
The steam dragon misses you. The steam dragon barely misses you.
The steam dragon completely misses you. The steam dragon closely misses you.
You feel better. The steam dragon bites you.
* * * LOW HITPOINT WARNING * * *
The steam dragon misses you.
You barely miss the steam dragon.
The steam dragon is moderately wounded.
The steam dragon barely misses you. The steam dragon misses you.
The steam dragon bites you!
* * * LOW HITPOINT WARNING * * *
The steam dragon claws you.
* * * LOW HITPOINT WARNING * * *
Okay, then.
The steam dragon attacks as it pursues you!
The steam dragon barely misses you. The steam dragon claws you.
* * * LOW HITPOINT WARNING * * *
The steam dragon breathes steam at you. The ball of steam hits you!!
Ouch! That really hurt!
You die...

#.# #...∩...# #.#
#.......# .# #..
.⌠..# ### #..
....# ..# #.# (..
#.# #.##.##### #.#
#D....^..# ###.#
###§######.# #.#)#
#...@#
#<.######.#..#####
##...............#
#.###..#.#.#.#.#.#
..# #.)..........#
##.
#..#.......#.#. #
#..............
##.#...>...#..(
#...........##


You could see a steam dragon (catching breath).

Vanquished Creatures
  A water moccasin (D:5)
  A black bear (D:5)
  An ogre (D:5)
  A centaur (D:5)
  Blork the orc (D:6)
  A howler monkey (D:5)
  A hound (D:5)
  An orc priest (D:2)
  A jelly (D:5)
  Natasha (thrice) (D:3)
  Terence (D:2)
  Ijyb (D:3)
  3 iguanas
  A sleepcap (D:6)
  4 gnolls (D:2)
  6 adders
  2 shadow imps (D:6)
  2 worms
  2 dart slugs (D:1)
  13 orcs
  12 endoplasms
  6 giant cockroaches
  3 goblins
  6 hobgoblins
  4 quokkas
  7 ball pythons
  3 bats (D:1)
  A frilled lizard (D:2)
  9 kobolds
  7 rats
105 creatures vanquished.

Notes
Turn   | Place    | Note
-------+----------+-------------------------------------------
     0 | D:1      | Bravepunisher the Spriggan Monk began the quest for the
                  | Orb.
     0 | D:1      | Reached XP level 1. HP: 11/11 MP: 2/2
    10 | D:2      | Noticed Terence
    44 | D:2      | Noticed an orc priest
    81 | D:3      | Found a shadowy altar of Dithmenos.
   177 | D:3      | Reached XP level 2. HP: 5/16 MP: 3/3
   298 | D:3      | Found Piruvyaj's Antique Armour Boutique.
   312 | D:3      | Reached XP level 3. HP: 19/20 MP: 4/4
   531 | D:5      | Entered Level 5 of the Dungeon
   531 | D:5      | Noticed a centaur
   791 | D:6      | Found a bloodstained altar of Trog.
   809 | D:6      | Noticed a wight
   810 | D:6      | Noticed a wight
   811 | D:6      | Noticed a wight
   812 | D:6      | Noticed a wight
   820 | D:6      | Noticed a wight
   930 | D:7      | Noticed a killer bee
   994 | D:5      | Noticed an ogre
  1021 | D:5      | Noticed a black bear
  1102 | D:5      | Reached skill level 5 in Dodging
  1102 | D:5      | Reached XP level 4. HP: 18/25 MP: 5/5
  1108 | D:5      | Found a blossoming altar of Fedhas.
  1171 | D:5      | Noticed a water moccasin
  1189 | D:5      | Killed a water moccasin
  1190 | D:5      | Reached XP level 5. HP: 27/30 MP: 6/6
  1257 | D:5      | Reached skill level 6 in Dodging
  1262 | D:5      | Killed a centaur
  1263 | D:5      | Reached XP level 6. HP: 6/35 MP: 7/7
  1372 | D:5      | Reached skill level 5 in Fighting
  1588 | D:6      | Found a staircase to the Ecumenical Temple.
  1597 | Temple   | Entered the Ecumenical Temple
  1605 | Temple   | Became a worshipper of Makhleb the Destroyer
  1605 | Temple   | Reached * piety under Makhleb
  1605 | Temple   | Reached ** piety under Makhleb
  1839 | D:3      | Reached skill level 1 in Invocations
  1890 | D:3      | Noticed Natasha
  2131 | D:1      | You fall into a shaft and drop 1 floor!
  2369 | D:1      | Reached *** piety under Makhleb
  2902 | D:2      | Killed Terence
  2903 | D:2      | Reached XP level 7. HP: 39/39 MP: 9/9
  3373 | D:3      | Killed Natasha
  3463 | D:3      | Noticed Natasha
  3471 | D:3      | Killed Natasha
  3472 | D:3      | Reached skill level 7 in Dodging
  3477 | D:3      | Noticed Natasha
  3482 | D:3      | Killed Natasha
  3583 | D:3      | Noticed Ijyb
  3588 | D:3      | Killed Ijyb
  3924 | D:4      | Found a radiant altar of Vehumet.
  4254 | D:6      | Noticed Blork the orc
  4259 | D:6      | Killed Blork the orc
  4355 | D:6      | Noticed a steam dragon
  4358 | D:6      | Found Daseuqu's Vocational Training.
  4370 | D:6      | HP: 1/39 [steam dragon (1)]
  4371 | D:6      | Killed from afar by a steam dragon

Illustrated notes

Levels and vault maps discovered:
D:1:      scummos_arrival_simple_fountains, layout_loops_ring
D:2:      cheibrodos_pilgrimage, layout_basic, uniq_terence
D:3:      layout_loops_ring, nicolae_dithmenos_shadow_blocks, serial_shops,
          nicolae_shop_advertising_works [nicolae_subvault_shop_adworks],
          uniq_natasha, uniq_ijyb
D:4:      layout_loops_ring, mainiacjoe_overflow_alcove_4, gup_sewer_entry_bowl,
          hex_tiny
D:5:      layout_loops_ring, mainiacjoe_overflow_catwalk,
          minmay_misc_feat_four_crosses
D:6:      layout_loops_ring, nicolae_overflow_hidden_temple,
          minmay_temple_entry_glass, nicolae_shop_vocational, uniq_blork_the_orc
D:7:      cheibrodos_wizards_tower, layout_basic
Temple:   nicolae_temple_bog_church

Skill      XL: |  1  2  3  4  5  6  7 |
---------------+----------------------+-----
Fighting       | 3 4 5 |  5.7
Dodging        | 5 6 7 |  7.7
Invocations    | 2 4 |  4.2
Short Blades   | |  3.2

Action                     |  1- 3 |  4- 6 |  7- 9 || total
---------------------------+-------+-------+-------++-------
  Melee: Short sword       |    76 |       |       ||    76
         Quarterstaff      |     9 |    71 |    47 ||   127
 Invoke: Minor Destruction |       |    55 |    10 ||    65
    Use: Potion            |     1 |     2 |     2 ||     5
         Scroll            |       |     5 |       ||     5
   Stab: Sleeping          |     1 |     3 |     1 ||     5
 Armour: Robe              |    24 |    31 |    30 ||    85
         Skin              |     3 |       |       ||     3
  Dodge: Dodged            |    87 |   113 |    59 ||   259

Table legend: (Time is in decaauts)
 A = Elapsed time spent in this place.
 B = Non-inter-level travel time spent in this place.
 C = Inter-level travel time spent in this place.
 D = Time resting spent in this place.
 E = Time spent auto-exploring this place.
 F = Levels seen in this place.
 G = Mean time per level.
                   A        B        C        D        E       F      G
               +--------+--------+--------+--------+--------+-----+--------+
         Total |   3193 |   3045 |    148 |    139 |   1847 |   8 |  399.1 |
       Dungeon |   3182 |   3038 |    144 |    139 |   1847 |   7 |  454.6 |
        Temple |     11 |      7 |      4 |      0 |      0 |   1 |   11.0 |
               +--------+--------+--------+--------+--------+-----+--------+

Top non-repeatable levels by time:
     D:2: 693 daAuts
     D:5: 691 daAuts
     D:3: 569 daAuts
     D:4: 520 daAuts
     D:1: 398 daAuts
     D:6: 229 daAuts
     D:7: 80 daAuts
  Temple: 11 daAuts
